 Dungeon Crawl Stone Soup version 0.19-a0-1185-gacb3972 (webtiles) character file.

1616 rjames93 the Ducker (level 8, -7/63 HPs)
             Began as a Purple Draconian Conjurer on Aug 18, 2016.
             Killed by divine providence
             ... invoked by an orc priest
              (14 damage)
             ... on level 8 of the Dungeon.
             The game lasted 00:18:50 (4789 turns).

rjames93 the Ducker (Purple Draconian Conjurer)     Turns: 4789, Time: 00:18:50

Health: -7/63      AC:  9    Str: 11    XL:     8   Next: 64%
Magic:  16/16      EV: 14    Int: 18    God:
Gold:   216        SH:  0    Dex: 11    Spells: 2 memorised, 12 levels left

rFire  . . .     SeeInvis .     f - +2 whip (flame)
rCold  . . .     Gourm    .     (armour unavailable)
rNeg   . . .     Faith    .     (no shield)
rPois  +         Spirit   .     (helmet restricted)
rElec  .         Dismiss  .     (no cloak)
rCorr  .         Reflect  .     (no gloves)
MR     +....     Harm     .     (no boots)
Stlth  ++........               (no amulet)
                                j - +3 ring of protection
                                e - ring of poison resistance

@: drained
A: breathe power, unfitting armour, cold-blooded, AC +6
a: Breathe Dispelling Energy


You were on level 8 of the Dungeon.
You were very hungry.

You visited 1 branch of the dungeon, and saw 8 of its levels.

You collected 216 gold pieces.

Inventory:

Hand Weapons
 f - a +2 whip of flaming (weapon)
Magical Staves
 d - an uncursed staff of air
Jewellery
 e - a ring of poison resistance (left hand)
 j - a +3 ring of protection (right hand)
 r - an uncursed ring of protection from magic
Wands
 c - a wand of lightning (7/15)
 g - a wand of random effects (14/48)
Scrolls
 m - a scroll of identify
 o - a scroll of amnesia
Books
 a - a book of Conjurations

   Spells                             Type                      Level
   a - Magic Dart                     Conjuration                  1
   b - Searing Ray                    Conjuration                  2
   c - Dazzling Spray                 Conjuration/Hexes            3
   d - Fulminant Prism                Conjuration/Hexes            4
   e - Iskenderun's Mystic Blast      Conjuration                  4
   f - Iskenderun's Battlesphere      Conjuration/Charms           5
 s - a book of Conjurations

   Spells                             Type                      Level
   a - Magic Dart                     Conjuration                  1
   b - Searing Ray                    Conjuration                  2
   c - Dazzling Spray                 Conjuration/Hexes            3
   d - Fulminant Prism                Conjuration/Hexes            4
   e - Iskenderun's Mystic Blast      Conjuration                  4
   f - Iskenderun's Battlesphere      Conjuration/Charms           5
Comestibles
 b - 6 bread rations
 h - 2 slices of pizza
 k - a beef jerky
 l - 4 fruits
 p - a royal jelly


   Skills:
 + Level 3.1(2.6) Fighting
 + Level 1.2(0.7) Maces & Flails
 + Level 6.1(5.6) Dodging
 + Level 2.9(2.5) Stealth
 + Level 0.6(0.1) Unarmed Combat
 + Level 5.5(5.1) Spellcasting
 + Level 5.9(5.4) Conjurations
 * Level 4.1(3.6) Charms
 + Level 1.5(1.1) Evocations


You had 12 spell levels left.
You knew the following spells:

 Your Spells              Type           Power        Failure   Level  Hunger
a - Magic Dart            Conj           ###.         1%          1    None
b - Iskenderun's Battles  Conj/Chrm      ###.....     67%         5    ######.


Dungeon Overview and Level Annotations

Branches:
Dungeon (8/15)               Lair (0/6) D:8
 Temple: D:4-7

Altars:
Makhleb
Trog
Uskayaw
Xom

Annotations:
D:3 George's ghost, amateur DDFi
D:4 Dirtsage's ghost, amateur DsFi
D:5 Blork the orc


Innate Abilities, Weirdness & Mutations

You can breathe bolts of dispelling energy.
Your rich purple scales are hard. (AC +6)
Your body does not fit into most forms of armour.
You are cold-blooded and may be slowed by cold attacks.


Message History

The warg bites you but does no damage.
The orc wizard casts a cantrip, but nothing happens.
The two-headed ogre hits you with a giant club.
* * * LOW HITPOINT WARNING * * *
The two-headed ogre barely misses you.
The two-headed ogre hits you but does no damage.
The two-headed ogre misses you. The warg closely misses you.
The two-headed ogre barely misses you. x2
The orc wizard casts a cantrip, but nothing happens.
The warg misses you.
The orc wizard gestures wildly while chanting.
The orc wizard flickers and vanishes!
Deactivating autopickup; reactivate with Ctrl-A.
The warg bites you but does no damage.
The warg pauses to sniff the ground.
The warg pauses to sniff the ground.
The warg barely misses you.
The orc priest calls down the wrath of Beogh upon you.
Beogh smites you!
You die...

##.###....#.#.#
###..##.........#
#.o.............#
##o##..##........#
####..##..##........#
###h.oh###..###.......#
##...######.## #...<...#
###..######..O#####.....##
..........o...hh@........#
####.....o...h{###.......#
#...........# #.......#
#..........## ##.....##
#..........# ##.[.##
#..........# ##.##
.........#### ..#####...##
#.#..#


You could see a two-headed ogre, 3 wargs, an orc priest and an orc wizard.

Vanquished Creatures
  Pikel (D:6)
  2 water moccasins
  An ice beast (D:6)
  A black bear (D:7)
  5 giant frogs
  A scorpion (D:7)
  3 killer bees (D:7)
  2 howler monkeys (D:7)
  3 orc wizards
  2 hounds
  A giant frog skeleton (D:5)
  3 adders
  A shadow imp (D:6)
  An ooze (D:2)
  An adder skeleton (D:8)
  3 worms
  3 giant geckos
  8 orcs
  4 bats (D:1)
  3 giant cockroaches
  4 goblins
  4 hobgoblins
  6 kobolds
  2 quokkas
  2 ball pythons
  A giant cockroach zombie (D:6)
  7 giant newts
  3 rats (D:1)
78 creatures vanquished.

Vanquished Creatures (others)
  2 slaves (D:5)
2 creatures vanquished.

Grand Total: 80 creatures vanquished

Notes
Turn   | Place    | Note
-------+----------+-------------------------------------------
     0 | D:1      | rjames93 the Draconian Conjurer began the quest for the Orb.
     0 | D:1      | Reached XP level 1. HP: 14/14 MP: 3/3
   210 | D:1      | Reached XP level 2. HP: 20/20 MP: 1/5
   679 | D:1      | Reached skill level 2 in Dodging
   891 | D:2      | Reached XP level 3. HP: 26/26 MP: 1/6
  1526 | D:3      | Noticed George's ghost (amateur DDFi)
  1833 | D:4      | Noticed Dirtsage's ghost (amateur DsFi)
  1857 | D:5      | Entered Level 5 of the Dungeon
  1872 | D:5      | Reached XP level 4. HP: 12/34 MP: 2/7
  2186 | D:5      | Found a shimmering altar of Xom.
  2187 | D:5      | Found a bloodstained altar of Trog.
  2261 | D:5      | Noticed a water moccasin
  2282 | D:6      | Killed a water moccasin
  2282 | D:6      | Reached skill level 5 in Conjurations
  2282 | D:6      | Reached XP level 5. HP: 7/39 MP: 2/9
  2389 | D:6      | Found a burning altar of Makhleb.
  2415 | D:6      | Reached skill level 3 in Dodging
  2577 | D:6      | Reached skill level 1 in Fighting
  2577 | D:6      | Reached XP level 6. HP: 45/47 MP: 3/11
  2810 | D:6      | Learned a level 5 spell: Iskenderun's Battlesphere
  3003 | D:5      | Noticed a slave
  3003 | D:5      | Noticed Pikel
  3003 | D:5      | Noticed a slave
  3003 | D:5      | Noticed a slave
  3003 | D:5      | Noticed a slave
  3069 | D:5      | Noticed Blork the orc
  3081 | D:5      | HP: 2/47 [Blork the orc/puff of flame (5)]
  3208 | D:6      | Killed Pikel
  3208 | D:6      | Reached skill level 4 in Dodging
  3208 | D:6      | Reached skill level 1 in Charms
  3208 | D:6      | Reached skill level 1 in Evocations
  3208 | D:6      | Your scales start taking on a rich purple colour.
  3208 | D:6      | Reached skill level 5 in Spellcasting
  3208 | D:6      | Reached XP level 7. HP: 46/55 MP: 0/15
  3797 | D:7      | Reached XP level 8. HP: 14/62 MP: 5/16
  4167 | D:6      | Reached skill level 5 in Dodging
  4392 | D:7      | Reached skill level 1 in Maces & Flails
  4459 | D:8      | Found a hide-covered altar of Uskayaw.
  4712 | D:8      | Reached skill level 6 in Dodging
  4741 | D:8      | Found a staircase to the Lair.
  4742 | D:8      | Noticed a two-headed ogre
  4789 | D:8      | Killed from afar by an orc priest

Vault maps used:
D:1:      dpeg_arrival_rooms_b
D:3:      first_bread, minmay_misc_feat_nine_boxes
D:4:      kennysheep_big_flooded_room, kennysheep_mini, uniq_duvessa
D:5:      lemuel_crystal_altar, xom_butterflies, kennysheep_okawaru_gauntlet,
          uniq_blork_the_orc, uniq_pikel
D:6:      bloody_makhleb
D:7:      serial_shops, shop, grunt_livestock, minmay_misc_feat_pillars
D:8:      lemuel_crystal_altar, lemuel_crystal_altar, erik_lair_orcish_takeover

Skill      XL: |  1  2  3  4  5  6  7  8 |
---------------+-------------------------+-----
Dodging        | 2 3 4 6 |  6.1
Stealth        | 2 |  2.9
Spellcasting   | 3 5 |  5.5
Conjurations   | 5 |  5.9
Fighting       | 1 2 3 |  3.1
Charms         | 2 4 |  4.1
Evocations     | 1 |  1.5
Maces & Flails | 1 |  1.2
Unarmed Combat | |  0.6

Action                   |  1- 3 |  4- 6 |  7- 9 || total
-------------------------+-------+-------+-------++-------
Melee: Unarmed           |    50 |     7 |       ||    57
       Tailslap          |     5 |     2 |    12 ||    19
       Whip              |       |       |   180 ||   180
       Punch             |       |       |     1 ||     1
 Cast: Magic Dart        |    94 |    67 |    18 ||   179
Evoke: Wand              |       |     6 |     6 ||    12
  Use: Scroll            |     4 |     4 |     3 ||    11
       Potion            |       |     6 |     5 ||    11
 Stab: Sleeping          |       |       |     1 ||     1
  Eat: Chunk             |     4 |     5 |     4 ||    13
Armor: Skin              |    42 |    22 |   129 ||   193
Dodge: Dodged            |    65 |    52 |   233 ||   350
